 Dungeon Crawl Stone Soup version 0.29-a0-323-g050149af67 (webtiles) character file.

Game seed: 16380534051345416462

28 kae the Gusty (level 3, 0/31 HPs)
             Began as an Ogre Air Elementalist on Apr 10, 2022.
             Slain by an adder (2 damage)
             ... on level 1 of the Dungeon.
             The game lasted 00:00:56 (1807 turns).

kae the Gusty (Ogre Air Elementalist)               Turns: 1807, Time: 00:00:57

Health: 0/31       AC:  3    Str: 12    XL:     3   Next: 14%
Magic:  1/7        EV:  9    Int: 18    God:
Gold:   67         SH:  0    Dex:  9    Spells: 6/7 levels left

rFire   . . .      SeeInvis .   (no weapon)
rCold   . . .      Faith    .   (no shield)
rNeg    . . .      Spirit   .   a - +0 robe
rPois   .          Reflect  .   (helmet restricted)
rElec   .          Harm     .   h - scarf {repulsion}
rCorr   .          Rampage  .   (gloves unavailable)
Will    .....                   (boots unavailable)
Stlth   +.........              (no amulet)
HPRegen 0.10/turn               (no ring)
MPRegen 0.10/turn               (no ring)

@: lethally poisoned (0 -> -5), repel missiles
A: large, unfitting armour, tough skin 1
a: no special abilities


You were on level 1 of the Dungeon.
You visited 1 branch of the dungeon, and saw 2 of its levels.

You collected 67 gold pieces.

Inventory:

Armour
 a - a +0 robe (worn)
 h - a scarf of repulsion (worn)
Jewellery
 c - a ring of resist corrosion
 g - a ring of willpower
Potions
 b - a potion of magic
 f - a potion of ambrosia {unknown}


   Skills:
 - Level 1.7 Dodging
 - Level 1.4 Stealth
 + Level 2.9 Spellcasting
 + Level 1.4 Conjurations
 * Level 3.3 Air Magic


You had 6 spell levels left.
You knew the following spells:

 Your Spells              Type           Power      Damage    Failure   Level
a - Shock                 Conj/Air       44%        1d5       6%          1

Your spell library contained the following spells:

 Spells                   Type           Power      Damage    Failure   Level
 Static Discharge         Conj/Air       11%        N/A       10%         2
 Swiftness                Air            14%        N/A       13%         3
 Stone Arrow              Conj/Erth      10%        3d7       36%         3
 Airstrike                Air            7%         N/A       38%         4
 Animate Armour           Summ/Erth      4%         N/A       86%         4
 Lehudib's Crystal Spear  Conj/Erth      2%         10d2      100%        8


Dungeon Overview and Level Annotations

Branches:
Dungeon (2/15)

Altars:


Innate Abilities, Weirdness & Mutations

You are too large for most types of armour.
You have tough skin. (AC +1)


Message History

e - a potion of curing You feel sick.
The adder bites you but does no damage. The adder barely misses you.
The adder bites you. The adder barely misses you.
The adder attacks as you move away! The adder bites you.
You are more poisoned.
The adder poisons you!
Found 5 poisoned darts.
* * * LOW HITPOINT WARNING * * *
You feel sick. The adder closely misses you.
The adder attacks as you move away! The adder bites you.
* * * LOW HITPOINT WARNING * * *
x2 You feel sick.
You feel better. The adder misses you. The adder bites you but does no damage.
The adder bites you.
You are poisoned.
The adder poisons you!
You feel sick.
You feel sick.
There is a stone staircase leading up here.
You feel sick. The adder barely misses you. The adder completely misses you.
You climb upwards.
You feel sick.
There is a stone staircase leading down here.
Casting: Shock (safe; 6% risk of failure)
Confirm with . or Enter, or press ? or * to list all spells.
Aiming: Shock (safe; 6% risk of failure)
Press: ? - help, Shift-Dir - straight line That beam is likely to hit you.
Continue anyway? [Y]es or [N]o only, please.
That beam is likely to hit you.
Continue anyway? [Y]es or [N]o only, please.
That beam is likely to hit you.
Continue anyway?
Okay, then.
You closely miss the adder.
You feel sick. The adder bites you.
* * * LOW HITPOINT WARNING * * *
You are lethally poisoned!
The adder poisons you! The adder bites you but does no damage.
The adder barely misses you. The adder bites you but does no damage.
You miss the adder.
* * * LOW HITPOINT WARNING * * *
You feel sick. The adder bites you but does no damage. The adder bites you.
You die...

#.# ##.#.#.# ### #.#
#...#.# #.##### ##.##
##..#.# #.....# #...#
#..#.# #.###.# #...#
##.#.# #.# #.#
#####...## #.[.# #.# #.#
...#.....### #...#
#.###.# ##....<....#
#.S.### #.#...#
###.....#.# #.#@S.#
#.#.###
##...##.###.##### #.#.#
#...#......#########.#.#
#...#.####.........#.#.#
##.##.# #.........#.#.#
#.##.# #.........#.#.#
#.##.# #.........#.#.#
#######.#
#.............#
#.......#
##########..########


You could see 2 adders.

Vanquished Creatures
  A dart slug (D:1)
  3 ball pythons (D:1)
  2 endoplasms (D:1)
  2 goblins
  4 hobgoblins (D:1)
  2 quokkas
  4 bats
  3 kobolds (D:1)
  3 rats (D:1)
24 creatures vanquished.

Notes
Turn   | Place    | Note
-------+----------+-------------------------------------------
     0 | D:1      | kae the Ogre Air Elementalist began the quest for the Orb.
     0 | D:1      | Reached XP level 1. HP: 16/16 MP: 3/3
    36 | D:1      | Reached skill level 1 in Conjurations
   547 | D:1      | Reached XP level 2. HP: 24/24 MP: 1/5
   559 | D:1      | Reached skill level 3 in Air Magic
   935 | D:1      | Found a faded altar of an unknown god.
  1406 | D:1      | Reached XP level 3. HP: 31/31 MP: 1/7
  1807 | D:1      | Slain by an adder

Illustrated notes

Levels and vault maps discovered:
D:1:      dpeg_arrival_rhombus, layout_basic, dreamdust_ecumenical_altar_grove
D:2:      layout_loops_ring

Skill      XL: |  1  2 |
---------------+-------+-----
Conjurations   | 1 |  1.4
Air Magic      | 3 |  3.3
Dodging        | |  1.7
Stealth        | |  1.4
Spellcasting   | |  2.9

Action                   || total
-------------------------++-------
Melee: Unarmed           ||    55
 Cast: Shock             ||    51
  Use: Scroll            ||     1
       Potion            ||     1
Armor: Robe              ||    36
Dodge: Dodged            ||    41

Table legend: (Time is in decaauts)
 A = Elapsed time spent in this place.
 B = Non-inter-level travel time spent in this place.
 C = Inter-level travel time spent in this place.
 D = Time resting spent in this place.
 E = Time spent auto-exploring this place.
 F = Levels seen in this place.
 G = Mean time per level.
                   A        B        C        D        E       F      G
               +--------+--------+--------+--------+--------+-----+--------+
         Total |   1807 |   1663 |    144 |     14 |   1453 |   2 |  903.5 |
       Dungeon |   1807 |   1663 |    144 |     14 |   1453 |   2 |  903.5 |
               +--------+--------+--------+--------+--------+-----+--------+

Top non-repeatable levels by time:
     D:1: 1773 daAuts
     D:2: 33 daAuts
